 Dungeon Crawl Stone Soup version 0.26-a0-663-g36e8fdb655 (webtiles) character file.

Game seed: 10303577051809182777

5282 halkony2012 the Destroyer (level 10, 0/50 HPs)
             Began as a Gargoyle Fire Elementalist on Oct 11, 2020.
             Was a Believer of Sif Muna.
             Slain by Erica
             ... wielding a +3 scimitar of flaming
              (1 damage)
             ... on level 9 of the Dungeon.
             The game lasted 01:10:53 (13608 turns).

halkony2012 the Destroyer (GrFE)                   Turns: 13608, Time: 01:10:53

Health: 0/50       AC: 14    Str: 12    XL:     10   Next: 63%
Magic:  10/16      EV: 13    Int: 21    God:    Sif Muna [**....]
Gold:   502        SH:  0    Dex: 10    Spells: 5/17 levels left

rFire    . . .     SeeInvis .   b - +1 spear
rCold    . . .     Faith    .   (no shield)
rNeg     + + .     Spirit   .   a - +0 robe
rPois    ∞         Reflect  .   k - +2 hat
rElec    +         Harm     .   (no cloak)
rCorr    .         Rampage  .   p - +1 pair of gloves
MR       .....                  r - +0 pair of boots
Stlth    ++........             (no amulet)
HPRegen  0.16/turn              o - ring of positive energy
MPRegen  0.15/turn              w - +4 ring of slaying

@: about to teleport, flying
A: big wings, clever 1, negative energy resistance 1, electricity resistance,
unbreathing, petrification resistance, rot immunity, AC +7
a: Stop Flying, Channel Magic, Renounce Religion


You were on level 9 of the Dungeon.
You worshipped Sif Muna.
Sif Muna was pleased with you.
You visited 1 branch of the dungeon, and saw 9 of its levels.

You collected 502 gold pieces.

Inventory:

Hand Weapons
 b - a +1 spear (weapon)
Missiles
 v - 82 stones (quivered)
Armour
 a - a +0 robe (worn)
 k - a +2 hat (worn)
 p - a +1 pair of gloves (worn)
 r - a +0 pair of boots (worn)
Jewellery
 o - a ring of positive energy (left hand)
 w - a +4 ring of slaying (right hand)
Wands
 e - a wand of acid (10)
 i - a wand of iceblast (8)
 n - a wand of paralysis (8)
 u - a wand of digging (5)
Scrolls
 d - a scroll of identify
 g - a scroll of remove curse
 m - a scroll of fog
 t - a scroll of fear {unknown}
Potions
 c - 4 potions of lignification
 f - 2 potions of haste
 j - 2 potions of mutation
 l - a potion of brilliance
 q - 3 potions of stabbing
 s - 3 potions of ambrosia
 x - a potion of magic
 z - a potion of curing


   Skills:
 - Level 0.1 Fighting
 - Level 0.8 Polearms
 + Level 4.0 Dodging
 - Level 2.1 Stealth
 - Level 4.1 Spellcasting
 - Level 11.7 Conjurations
 - Level 1.0 Summonings
 * Level 9.2 Fire Magic
 - Level 0.4 Air Magic
 + Level 1.5 Invocations


You had 5 spell levels left.
You knew the following spells:

 Your Spells              Type           Power        Failure   Level
a - Foxfire               Conj/Fire      ####         1%          1
b - Conjure Flame         Conj/Fire      #####...     1%          3
c - Call Imp              Summ           #.......     12%         2
d - Fireball              Conj/Fire      #####.....   4%          5
e - Shock                 Conj/Air       ####         1%          1

Your spell library contained the following spells:

 Spells                   Type           Power        Failure   Level
 Sticky Flame             Conj/Fire      #####...     1%          4
 Static Discharge         Conj/Air       ####....     3%          3
 Inner Flame              Hex/Fire       ###.....     5%          3
 Summon Small Mammal      Summ           #...         8%          1
 Swiftness                Air            #.......     16%         2
 Call Canine Familiar     Summ           #.......     22%         3
 Lightning Bolt           Conj/Air       ####......   26%         5
 Summon Guardian Golem    Hex/Summ       #.......     28%         3
 Summon Lightning Spire   Summ/Air       #.......     65%         4
 Summon Ice Beast         Ice/Summ       #.......     67%         4
 Airstrike                Air            #.........   69%         4


Dungeon Overview and Level Annotations

Branches:
Dungeon (9/15)             Temple (0/1) D:5
   Lair: D:8-11         Orc: D:9-12

Altars:
Cheibriados
Fedhas
Makhleb
Nemelex Xobeh
Sif Muna
Trog
Uskayaw
Vehumet
Yredelemnul

Annotations:
D:6 Sigmund
D:9 Erica


Innate Abilities, Weirdness & Mutations

You are resistant to torment.
Your stone body is resilient. (AC +7)
You are immune to poison.
You resist negative energy. (rN+)
You are resistant to electric shocks. (rElec)
You can survive without breathing.
You are immune to petrification.
You are immune to rotting.
Your large and strong wings let you fly indefinitely.
Your mind is acute. (Int +2)


Message History

The foxfire hits the adder!
You kill the adder!
Sif Muna accepts your kill.
Casting: Foxfire (safe; 1% risk of failure)
Confirm with . or Enter, or press ? or * to list all spells.
You conjure some foxfire!
Your foxfire dissipates!
Erica hits you with a +3 scimitar of flaming.
Erica burns you. Erica gestures at you while chanting.
The lance of force hits you!!
You are knocked back by the lance of force.
You slam into the rock wall!
* * * LOW HITPOINT WARNING * * *
As you read the scroll of teleportation, it crumbles to dust.
You feel strangely unstable.
Erica hits you with a +3 scimitar of flaming.
* * * LOW HITPOINT WARNING * * *
Erica burns you.
You die...

#....#...#
#......#
#....###.##
#......#
#....#
#..###[....§#
......#
##..(†....§.#
###....#
#####......#
#.....
#....§..#
#......
#....§..# #..
#.##.#'.# #..
#@###...# #..
#@##....#
#..#.##(#..#
#...##r#.#.#
##..........
##........
#.$......
#........
..........


You could see Erica.

Vanquished Creatures
  Harold (D:8)
  Joseph (D:7)
  Psyche (D:9)
  A water moccasin (D:9)
  2 black bears
  2 ice beasts (D:7)
  A phantom (D:7)
  2 sky beasts
  2 ogres
  4 centaurs
  A big kobold (D:7)
  4 bullfrogs
  2 water moccasin zombies (D:5)
  3 wights (D:6)
  12 killer bees
  A howler monkey (D:6)
  A centaur zombie (D:4)
  A bullfrog zombie (D:6)
  4 hounds
  4 orc wizards
  3 jellies
  7 orc priests
  3 iguanas
  Natasha (thrice) (D:3)
  8 worker ants
  A killer bee zombie (D:7)
  A worker ant zombie (D:7)
  A howler monkey zombie (D:7)
  A howler monkey skeleton (D:7)
  8 adders
  A shadow imp (D:9)
  2 white imps
  An ufetubus (D:7)
  2 oozes
  An adder skeleton (D:3)
  3 worms (D:2)
  6 leopard geckos
  33 orcs
  7 giant cockroaches
  14 goblins
  8 hobgoblins
  12 jackals
  15 kobolds
  6 quokkas
  16 bats
  5 frilled lizards
  A jackal skeleton (D:5)
  A quokka skeleton (D:5)
  A quokka zombie (D:8)
  12 rats
233 creatures vanquished.

Vanquished Creatures (collateral kills)
  2 orc warriors
  A black bear (D:6)
  2 ogres
  A crimson imp (D:4)
  A bullfrog zombie (D:6)
  3 orcs
10 creatures vanquished.

Vanquished Creatures (others)
  A dart slug (D:1)
  A rat (D:1)
  893 foxfires
895 creatures vanquished.

Grand Total: 1138 creatures vanquished

Notes
Turn   | Place    | Note
-------+----------+-------------------------------------------
     0 | D:1      | halkony2012 the Gargoyle Fire Elementalist began the quest
                  | for the Orb.
     0 | D:1      | Reached XP level 1. HP: 10/10 MP: 3/3
   118 | D:1      | Reached XP level 2. HP: 15/15 MP: 0/5
   323 | D:1      | You fall into a shaft and drop 1 floor!
   646 | D:1      | Reached XP level 3. HP: 19/19 MP: 1/6
  1386 | D:2      | Learned a level 3 spell: Conjure Flame
  1521 | D:2      | Reached skill level 2 in Conjurations
  1570 | D:2      | Reached XP level 4. HP: 21/24 MP: 1/7
  2939 | D:3      | Reached skill level 3 in Conjurations
  2939 | D:3      | Reached XP level 5. HP: 15/28 MP: 3/9
  3224 | D:3      | Noticed Natasha
  3243 | D:3      | Killed Natasha
  3406 | D:3      | Noticed a +0 hand axe
  3414 | D:3      | Noticed a +0 dagger
  3415 | D:3      | Found a hide-covered altar of Uskayaw.
  3738 | D:3      | Noticed Natasha
  3748 | D:3      | Killed Natasha
  3748 | D:3      | Reached XP level 6. HP: 29/32 MP: 4/11
  3933 | D:3      | Reached skill level 4 in Conjurations
  4290 | D:3      | Found a shimmering blue altar of Sif Muna.
  4351 | D:3      | Became a worshipper of Sif Muna the Loreminder
  4710 | D:3      | Noticed Natasha
  4713 | D:3      | Killed Natasha
  5003 | D:3      | Reached XP level 7. HP: 33/36 MP: 6/12
  5245 | D:4      | Reached skill level 5 in Conjurations
  5419 | D:4      | Learned a level 2 spell: Call Imp
  5659 | D:4      | Reached skill level 5 in Fire Magic
  5804 | D:4      | Found a burning altar of Makhleb.
  5804 | D:4      | Found a radiant altar of Vehumet.
  6279 | D:5      | Entered Level 5 of the Dungeon
  6409 | D:5      | Found a basalt altar of Yredelemnul.
  6450 | D:5      | Reached skill level 6 in Conjurations
  6594 | D:5      | Reached skill level 1 in Summonings
  6594 | D:5      | Reached XP level 8. HP: 41/41 MP: 8/14
  6606 | D:5      | Learned a level 5 spell: Fireball
  6690 | D:5      | Found a staircase to the Ecumenical Temple.
  6695 | D:5      | Reached * piety under Sif Muna
  6743 | D:5      | Reached skill level 7 in Conjurations
  6981 | D:5      | Found a sparkling altar of Nemelex Xobeh.
  7738 | D:6      | Noticed Sigmund
  7789 | D:6      | Reached skill level 8 in Conjurations
  8249 | D:6      | Reached XP level 9. HP: 45/45 MP: 4/15
  8250 | D:6      | Reached ** piety under Sif Muna
  8339 | D:6      | Reached skill level 9 in Conjurations
  8918 | D:6      | Gained mutation: Your mind is acute. (Int +2) [potion of
                  | mutation]
  8918 | D:6      | Gained mutation: Your large and strong wings let you fly
                  | indefinitely. [potion of mutation]
 10171 | D:7      | Reached skill level 10 in Conjurations
 11106 | D:7      | Noticed Joseph
 11750 | D:8      | Reached XP level 10. HP: 50/50 MP: 0/16
 11892 | D:8      | Found a snail-covered altar of Cheibriados.
 12005 | D:8      | Learned a level 1 spell: Shock
 12415 | D:8      | Reached skill level 11 in Conjurations
 12565 | D:8      | Found a blossoming altar of Fedhas.
 12597 | D:8      | Noticed Harold
 12892 | D:7      | Killed Joseph
 13033 | D:8      | Killed Harold
 13293 | D:9      | Found a bloodstained altar of Trog.
 13480 | D:9      | Reached skill level 1 in Invocations
 13499 | D:9      | Noticed Erica
 13571 | D:9      | Noticed Psyche
 13580 | D:9      | Killed Psyche
 13608 | D:9      | HP: 1/50 [Erica/+3 scimitar of flaming (5)]
 13608 | D:9      | Slain by Erica

Illustrated notes

Levels and vault maps discovered:
D:1:      grunt_arrival_crossed_arrows, layout_basic, lemuel_flame_loot_1
D:2:      layout_basic
D:3:      layout_basic, lemuel_coloured_pillars_altar, dancing_weapons_uskayaw,
          roderic_lattice_a, kennysheep_doodads, kennysheep_minor_cross,
          uniq_natasha
D:4:      layout_loops_corners, grunt_temple_overflow_lords_of_destruction
D:5:      wander_river, layout_cave_pools, nemelex_xobeh_ov_fountains_minmay,
          overflow_temple_1_default, minmay_temple_entry_tees
D:6:      layout_basic, uniq_sigmund
D:7:      layout_loops_cross, uniq_joseph
D:8:      layout_loops_corners, old_standard_altar, basic_altar,
          serial_co_window_serial, co_window_paths_a, co_window_paths_b,
          co_window_paths_a, co_window_paths_b, co_window_paths_b,
          co_window_paths_a, co_window_corner_a, co_window_2corner,
          co_window_broadway_a, co_window_unsneaky_path_b, co_window_broadway_b,
          co_window_4corner_a, co_window_paths_d, glass_columns_b,
          glass_columns_c, glass_columns_b, glass_columns_b, uniq_harold
D:9:      layout_roguey, overflow_temple_1_default, david_orc_4, special_room
          [special_room_kobold], yredelemnul_altar_generic, uniq_psyche,
          uniq_erica

Skill      XL: |  1  2  3  4  5  6  7  8  9 10 |
---------------+-------------------------------+-----
Conjurations   | 2 3 4 6 8 10 11 | 11.7
Fire Magic     | 4 5 6 8 9 |  9.2
Spellcasting   | 3 4 |  4.1
Summonings     | 1 |  1.0
Dodging        | 2 3 4 |  4.0
Invocations    | 1 |  1.5
Fighting       | |  0.1
Polearms       | |  0.8
Stealth        | |  2.1
Air Magic      | |  0.4

Action                   |  1- 3 |  4- 6 |  7- 9 | 10-12 || total
-------------------------+-------+-------+-------+-------++-------
Melee: Spear             |     9 |    27 |    50 |     5 ||    91
Throw: Stone             |       |       |     3 |       ||     3
 Cast: Foxfire           |    74 |   182 |   285 |    63 ||   604
       Conjure Flame     |       |     2 |     7 |       ||     9
       Call Imp          |       |       |    51 |    17 ||    68
       Fireball          |       |       |     7 |    18 ||    25
       Shock             |       |       |       |    12 ||    12
Invok: Channel Magic     |       |       |     2 |     4 ||     6
 Abil: Fly               |       |       |     1 |       ||     1
  Use: Scroll            |       |    11 |     2 |     5 ||    18
       Potion            |       |       |     4 |     2 ||     6
 Stab: Sleeping          |       |     2 |     1 |       ||     3
Armor: Robe              |    33 |    53 |   147 |    25 ||   258
Dodge: Dodged            |    49 |    69 |   209 |    45 ||   372

Table legend: (Time is in decaauts)
 A = Elapsed time spent in this place.
 B = Non-inter-level travel time spent in this place.
 C = Inter-level travel time spent in this place.
 D = Time resting spent in this place.
 E = Time spent auto-exploring this place.
 F = Levels seen in this place.
 G = Mean time per level.
                   A        B        C        D        E       F      G
               +--------+--------+--------+--------+--------+-----+--------+
         Total |  13644 |  12911 |    733 |   4578 |   1488 |   9 | 1516.0 |
       Dungeon |  13644 |  12911 |    733 |   4578 |   1488 |   9 | 1516.0 |
               +--------+--------+--------+--------+--------+-----+--------+

Top non-repeatable levels by time:
     D:3: 2323 daAuts
     D:6: 2051 daAuts
     D:7: 1883 daAuts
     D:5: 1569 daAuts
     D:8: 1529 daAuts
     D:2: 1393 daAuts
     D:1: 1319 daAuts
     D:4: 1256 daAuts
     D:9: 317 daAuts
